 Dungeon Sprint DCSS version 0.19-a0-805-g0a78ef0 (webtiles) character file.

1782 Mood the Grappler (level 8, -2/68 HPs)
             Began as a Demonspawn Gladiator on June 27, 2016.
             Was a High Priest of Makhleb.
             Slain by a black mamba (8 damage)
             ... in the Dungeon (Sprint IX: "|||||||||||||||||||||||||||||").
             The game lasted 00:01:22 (695 turns).

Mood the Grappler (Demonspawn Gladiator)             Turns: 695, Time: 00:01:22

Health: -2/68      AC:  9    Str: 16    XL:     8   Next: 81%
Magic:  15/15      EV: 19    Int: 13    God:    Makhleb [*****.]
Gold:   0          SH:  0    Dex: 15    Spells: 0 memorised, 7 levels left

rFire  . . .     SeeInvis .       - Unarmed
rCold  . . .     Gourm    .     r - +2 ring mail
rNeg   . . .     Faith    .     (no shield)
rPois  .         Spirit   .     (helmet restricted)
rElec  .         Dismiss  .     (no cloak)
rCorr  .         Reflect  .     (no gloves)
SustAt .         Harm     .     o - +0 pair of boots
MR     .....     NoTele   +     (no amulet)
Stlth  +.........               q - +3 ring of intelligence
                                p - +2 ring of evasion

@: lethally poisoned (-2 -> -10), not resistant to hostile enchantments, very
unstealthy
A: claws 2, hooves 1, horns 1, demonic guardian 1
a: Minor Destruction, Lesser Servant of Makhleb, Major Destruction, Greater
Servant of Makhleb, Renounce Religion


You were in the Dungeon.
You worshipped Makhleb.
Makhleb was extremely pleased with you.
You were not hungry.

You visited 1 branch

Inventory:

Missiles
 c - 3 throwing nets (quivered)
Armour
 b - a +0 helmet
 o - a +0 pair of boots (worn)
 r - a +2 ring mail (worn)
Jewellery
 p - a +2 ring of evasion (left claw)
 q - a +3 ring of intelligence (right claw)
Wands
 m - a wand of iceblast (7/15)
Scrolls
 j - 3 scrolls of blinking
 k - 4 scrolls of remove curse
 l - 2 scrolls of amnesia
 s - a scroll of identify
 u - a scroll of fog
 v - a scroll of recharging
 w - a scroll of fear
Potions
 a - a potion of berserk rage
 e - 7 potions of curing
 f - 3 potions of heal wounds
 g - a potion of haste
 h - 4 potions of magic
 i - a potion of invisibility
 n - 3 potions of might
Comestibles
 d - a bread ration
 t - a meat ration


   Skills:
 + Level 7.7 Fighting
 - Level 1.7 Throwing
 + Level 4.9 Armour
 + Level 10.1 Dodging
 + Level 11.3 Unarmed Combat
 * Level 9.4 Invocations


You had 7 spell levels left.
You didn't know any spells.

Dungeon Overview and Level Annotations

Branches:
Dungeon (1/1)

Altars:
Cheibriados
Dithmenos
Elyvilon
Fedhas
Gozag
Hepliaklqana
Kikubaaqudgha
Makhleb
Nemelex Xobeh
Okawaru
Pakellas
Qazlal
Ru
Sif Muna
Trog
Uskayaw
Vehumet
Xom
Yredelemnul
Zin
The Shining One
Beogh
Jiyva
Lugonu


Innate Abilities, Weirdness & Mutations

You have very sharp fingernails.
You have large cloven feet.
You have a pair of small horns on your head.
A weak demonic guardian rushes to your aid.


Message History

You miss the black mamba.
The black mamba is lightly wounded.
The spiny frog croaks.
The black mamba bites you.
You claw the black mamba!
The black mamba is moderately wounded.
The black mamba bites you.
* * * LOW HITPOINT WARNING * * *
You are poisoned.
The black mamba poisons you!
You closely miss the black mamba.
The black mamba is moderately wounded.
You feel sick. The black mamba bites you!
* * * LOW HITPOINT WARNING * * *
The black mamba completely misses you.
You miss the black mamba.
The black mamba is moderately wounded.
* * * LOW HITPOINT WARNING * * *
You feel sick. The black mamba bites you!
You die...

▓.▓.▓)▓
▓.▓.▓.▓
▓)▓.▓.▓
▓.▓.▓.▓
▓.▓.▓'▓
▓.▓.▓_▓
▓5▓.▓_▓
▓5▓.▓_▓
▓@▓.▓_▓
▓S▓.▓_▓
▓h▓.▓_▓
▓l▓.▓_▓
▓F▓.▓_▓
▓F▓.▓_▓
▓.▓.▓_▓
▓.▓.▓_▓
▓.▓_▓


You could see a black mamba, 2 spiny frogs, a wolf, an iguana and 2 friendly
white imps.

Vanquished Creatures
  An unseen horror (D)
  A komodo dragon (D)
  A slime creature (D)
  A soldier ant (D)
  A water moccasin (D)
  2 ice beasts (D)
  2 centaurs (D)
  An ogre (D)
  A giant frog (D)
  A scorpion (D)
  A hound (D)
  2 iguanas (D)
  A shadow imp (D)
  An adder skeleton (D)
  A giant gecko (D)
  A ball python (D)
  A bat skeleton (D)
  2 hobgoblins (D)
  A quokka skeleton (D)
  3 rats (D)
26 creatures vanquished.

Notes
Turn   | Place    | Note
--------------------------------------------------------------
     0 | D        | Mood the Demonspawn Gladiator began the quest for the Orb.
     0 | D        | Reached XP level 1. HP: 16/16 MP: 1/1
     8 | D        | Reached skill level 3 in Unarmed Combat
    67 | D        | Noticed a hound
    67 | D        | Noticed an ogre
    67 | D        | Noticed a centaur
    78 | D        | Killed a hound
    78 | D        | Reached skill level 5 in Unarmed Combat
    78 | D        | Gained mutation: A weak demonic guardian rushes to your aid. [demonic ancestry]
    78 | D        | Reached XP level 2. HP: 18/23 MP: 2/2
    78 | D        | Gained mutation: You have large cloven feet. [demonic ancestry]
    78 | D        | Reached XP level 3. HP: 22/28 MP: 3/3
    83 | D        | Killed an ogre
    83 | D        | Reached skill level 1 in Armour
    83 | D        | Reached skill level 5 in Dodging
    83 | D        | Reached skill level 6 in Unarmed Combat
    83 | D        | Gained mutation: You have sharp fingernails. [demonic ancestry]
    83 | D        | Reached XP level 4. HP: 28/35 MP: 4/4
    90 | D        | Killed a centaur
    90 | D        | Reached skill level 8 in Unarmed Combat
    90 | D        | Gained mutation: You have very sharp fingernails. [demonic ancestry]
    90 | D        | Reached XP level 5. HP: 14/42 MP: 5/5
   122 | D        | Found a glowing silver altar of Zin.
   122 | D        | Found a glowing golden altar of the Shining One.
   122 | D        | Found an ancient bone altar of Kikubaaqudgha.
   122 | D        | Found a basalt altar of Yredelemnul.
   122 | D        | Found a shimmering altar of Xom.
   122 | D        | Found a radiant altar of Vehumet.
   124 | D        | Found an iron altar of Okawaru.
   125 | D        | Found a burning altar of Makhleb.
   126 | D        | Found a deep blue altar of Sif Muna.
   127 | D        | Found a bloodstained altar of Trog.
   128 | D        | Found a sparkling altar of Nemelex Xobeh.
   129 | D        | Found a white marble altar of Elyvilon.
   130 | D        | Found a roughly hewn altar of Beogh.
   131 | D        | Found a viscous altar of Jiyva.
   132 | D        | Found a corrupted altar of Lugonu.
   133 | D        | Found a blossoming altar of Fedhas.
   134 | D        | Found a snail-covered altar of Cheibriados.
   135 | D        | Found a shadowy altar of Dithmenos.
   136 | D        | Found a stormy altar of Qazlal.
   137 | D        | Found an opulent altar of Gozag.
   138 | D        | Found a sacrificial altar of Ru.
   139 | D        | Found an oddly glowing altar of Pakellas.
   140 | D        | Found a hide-covered altar of Uskayaw.
   141 | D        | Found a hazy altar of Hepliaklqana.
   155 | D        | Became a worshipper of Makhleb the Destroyer
   284 | D        | Noticed an ice beast
   284 | D        | Noticed a centaur
   295 | D        | Killed an ice beast
   295 | D        | Reached * piety under Makhleb
   295 | D        | Reached XP level 6. HP: 49/49 MP: 5/8
   304 | D        | Reached ** piety under Makhleb
   308 | D        | Reached skill level 5 in Fighting
   308 | D        | Reached skill level 9 in Unarmed Combat
   408 | D        | Noticed an ice beast
   408 | D        | Noticed a slime creature
   408 | D        | Noticed a soldier ant
   416 | D        | Killed an ice beast
   416 | D        | Reached skill level 5 in Invocations
   430 | D        | Killed an unseen horror
   430 | D        | Reached *** piety under Makhleb
   430 | D        | Reached skill level 10 in Unarmed Combat
   430 | D        | Gained mutation: You have a pair of small horns on your head. [demonic ancestry]
   430 | D        | Reached XP level 7. HP: 29/59 MP: 10/12
   438 | D        | Killed a slime creature
   438 | D        | Reached XP level 8. HP: 40/65 MP: 10/14
   444 | D        | Reached **** piety under Makhleb
   667 | D        | Noticed a komodo dragon
   667 | D        | Noticed a black mamba
   677 | D        | Reached skill level 11 in Unarmed Combat
   680 | D        | Noticed a spiny frog
   685 | D        | Killed a komodo dragon
   685 | D        | Reached skill level 10 in Dodging
   686 | D        | Reached ***** piety under Makhleb
   692 | D        | Noticed a spiny frog
   695 | D        | Slain by a black mamba

Vault maps used:
D:        linesprint

Skill      XL: |  1  2  3  4  5  6  7  8 |
---------------+-------------------------+-----
Unarmed Combat | 5 6 8 10 11 | 11.3
Dodging        | 4 5 6 9 10 | 10.1
Fighting       | 3 4 6 7 |  7.7
Armour         | 1 2 3 4 |  4.9
Invocations    | 3 7 8 9 |  9.4
Throwing       | |  1.7

Action                   |  1- 3 |  4- 6 |  7- 9 || total
-------------------------+-------+-------+-------++-------
Melee: Unarmed           |    25 |    48 |    47 ||   120
       Punch             |     1 |     4 |     1 ||     6
       Kick              |     1 |     2 |       ||     3
       Headbutt          |       |       |    10 ||    10
  Use: Potion            |     1 |       |       ||     1
Armor: Leather armour    |       |     2 |       ||     2
       Ring mail         |       |    15 |     1 ||    16
Dodge: Dodged            |    15 |    25 |    26 ||    66
